 Dungeon Crawl Stone Soup version 0.31-a0-507-gbafd7f5274 (webtiles) character file.

Game seed: 13062342232334222010

26 Gelion the Changeling (level 3, -3/23 HPs)
             Began as an Octopode Shapeshifter on Aug 9, 2023.
             Slain by an orc wizard
             ... wielding a +0 dagger
              (4 damage)
             ... on level 2 of the Dungeon.
             The game lasted 00:01:12 (888 turns).

Gelion the Changeling (Octopode Shapeshifter)        Turns: 888, Time: 00:01:12

Health: -3/23      AC:  1    Str: 14    XL:     3   Next: 8%
Magic:  3/3        EV: 13    Int: 10    God:
Gold:   86         SH:  0    Dex: 14    Spells: 2/2 levels left

rFire   . .          .
                       - Unarmed
rCold   . . .        (no shield)
rNeg    . . .        (helmet currently unavailable)
rPois   .            (no amulet)
rElec   .            (no ring)
rCorr   .            (no ring)
SInv    .            (no ring)
Will    .....        (no ring)
Stlth   ++           (no ring)
HPRegen 0.23/turn    (no ring)
MPRegen 0.08/turn    (no ring)
                     (no ring)

%: no passive effects
@: beast-form
A: beast (slay +2), almost no armour, amphibious, 8 rings, camouflage 1,
gelatinous body 1, (nimble swimmer 1), tentacles
a: Begin Untransformation


You were on level 2 of the Dungeon.
You were a hulking beast.
You visited 1 branch of the dungeon, and saw 2 of its levels.

You collected 86 gold pieces.

Inventory:

Jewellery
 f - a +6 ring of intelligence
Talismans
 b - a beast talisman (active)
 c - a flux talisman
Scrolls
 d - a scroll of teleportation
Potions
 a - a potion of lignification
 i - a potion of curing {unknown}


   Skills:
 + Level 1.5 Fighting
 - Level 2.0 Dodging
 + Level 3.3 Unarmed Combat
 * Level 3.4 Shapeshifting


You had 2 spell levels left.
You didn't know any spells.
Your spell library was empty.

Dungeon Overview and Level Annotations

Branches:
Dungeon (2/15)

Altars:


Innate Abilities, Weirdness & Mutations

You are a hulking beast.
Your limbs bulge with bestial killing power. (Slay +2)
You cannot wear most types of armour.
You are amphibious.
You can wear up to eight rings at the same time.
Your skin changes colour to match your surroundings (Stealth+).
Your rubbery body absorbs attacks. (AC +1, EV +1)
((You are camouflaged when in or above water. (Stealth+)))
You have tentacles for arms and can constrict up to eight enemies at once.


Message History

You tentacle-slap the orc.
You kill the orc!
You have reached level 3!
Your experience leads to an increase in your attributes!
Increase (S)trength, (I)ntelligence, or (D)exterity?
You feel agile. x2
You tentacle-slap the orc. You grab the orc.
The orc is severely wounded.
You constrict the orc, but do no damage.
The orc misses you.
You tentacle-slap the orc but do no damage.
The orc is severely wounded.
You constrict the orc. The orc hits you with a +0 club.
You tentacle-slap the orc.
You kill the orc!
You closely miss something. Something hits you.
You tentacle-slap something but do no damage.
You hear some strange, mumbled words.
You are confused.
You bump into the rock wall.
You hear some strange, mumbled words.
You are more confused.
You're too confused to move!
Something hits you.
You bump into the rock wall.
Something hits you.
You tentacle-slap something.
You bump into the rock wall.
Something hits you.
You bump into the rock wall.
Something hits you.
You bump into the rock wall.
You hear some strange, mumbled words.
Something tries to affect you, but you resist.
You bump into the rock wall.
Something hits you.
* * * LOW HITPOINT WARNING * * *
You bump into the rock wall.
Something hits you.
* * * LOW HITPOINT WARNING * * *
You completely miss something. Something hits you.
* * * LOW HITPOINT WARNING * * *
Something hits you but does no damage.
You feel less confused. Something hits you.
You die...

#.# #.# #.
#.....# #.#
#.##.....#
#.........
.........
.......
#########
#....#
#.......#
#....# #h# #.#
#....####.# #.#
#.# ##..#..)..#
#.# #.#
..>.....###.#
#.#####.#
.......###
#.#####.......#
.......
#...........#.#
...?.#.
######.####.#.#
....##. #.#
#.#.#### ....
#. #.# #.......


There were no monsters in sight!

Vanquished Creatures
  3 orcs (D:2)
  3 ball pythons (D:1)
  2 bats (D:2)
  An endoplasm (D:1)
  2 hobgoblins (D:1)
  4 jackals (D:1)
  2 quokkas
  A frilled lizard (D:2)
  2 kobolds (D:1)
20 creatures vanquished.

Notes
Turn   | Place    | Note
-------+----------+-------------------------------------------
     0 | D:1      | Gelion the Octopode Shapeshifter began the quest for the
                  | Orb.
     0 | D:1      | Reached XP level 1. HP: 13/13 MP: 1/1
   195 | D:1      | Reached XP level 2. HP: 16/18 MP: 2/2
   871 | D:2      | Reached XP level 3. HP: 22/23 MP: 3/3
   886 | D:2      | HP: 1/23 [something (4)]
   888 | D:2      | Slain by an orc wizard

Illustrated notes

Levels and vault maps discovered:
D:1:      giann_wishing_wells, layout_basic
D:2:      minmay_inner_zag, layout_loops_ring, minmay_fractal_squares_gapless_5

Action                     || total
---------------------------++-------
  Melee: Unarmed           ||    42
         Constrict         ||     7
         Tentacles         ||     6
         Punch             ||     1
    Use: Scroll            ||     4
   Stab: Sleeping          ||     3
 Armour: Skin              ||     7
  Dodge: Dodged            ||    32

Table legend: (Time is in decaauts)
 A = Elapsed time spent in this place.
 B = Non-inter-level travel time spent in this place.
 C = Inter-level travel time spent in this place.
 D = Time resting spent in this place.
 E = Time spent auto-exploring this place.
 F = Levels seen in this place.
 G = Mean time per level.
                   A        B        C        D        E       F      G
               +--------+--------+--------+--------+--------+-----+--------+
         Total |    885 |    831 |     54 |      3 |    681 |   2 |  442.5 |
       Dungeon |    885 |    831 |     54 |      3 |    681 |   2 |  442.5 |
               +--------+--------+--------+--------+--------+-----+--------+

Top non-repeatable levels by time:
     D:1: 678 daAuts
     D:2: 206 daAuts
